 Dungeon Crawl Stone Soup version 0.29.1-12-g30fa7ad0bf (webtiles) character file.

Game seed: 13209557369261358341

151 Labrat the Conjurer (level 5, -6/38 HPs)
             Began as a Meteoran Conjurer on Jan 14, 2023.
             Killed from afar by an orc wizard (11 damage)
             ... with a puff of flame
             ... on level 3 of the Dungeon.
             The game lasted 00:08:20 (818 turns).

Labrat the Conjurer (Meteoran Conjurer)              Turns: 818, Time: 00:08:21

Health: -6/38      AC:  8    Str:  8    XL:     5   Next: 90%
Magic:  1/11       EV: 13    Int: 21    God:
Gold:   58         SH:  0    Dex: 13    Spells: 8/11 levels left

rFire   . . .      SeeInvis .   i - +2 club (spect)
rCold   . . .      Faith    .   (no shield)
rNeg    . . .      Spirit   .   a - +0 robe
rPois   .          Reflect  .   h - +2 helmet
rElec   .          Harm     .   c - +2 cloak
rCorr   .          Rampage  .   (no gloves)
Will    .....                   (no boots)
Stlth   +.........              (no amulet)
HPRegen 0.12/turn               (no ring)
MPRegen 0.12/turn               (no ring)

@: glowing
A: sense surroundings 1, otherworldly, glowing, explore regen
a: no special abilities


You were on level 3 of the Dungeon.
You visited 1 branch of the dungeon, and saw 3 of its levels.

You collected 58 gold pieces.

Inventory:

Hand Weapons
 i - a +2 spectral club (weapon)
Missiles
 r - a throwing net
Armour
 a - a +0 robe (worn)
 c - a +2 cloak (worn)
 h - a +2 helmet (worn)
 n - the +3 ring mail of Precision Catastrophes {+Inv rC++ Stlth-}
   (You found it on level 2 of the Dungeon)

   rC:        It greatly protects you from cold.
   +Inv:      It lets you turn invisible.
   Stlth:     It makes you less stealthy.
Jewellery
 e - an amulet of faith
 g - an amulet of regeneration
Scrolls
 o - 3 scrolls of identify {unknown}
 p - a scroll of poison {unknown}
 q - a scroll of butterflies {unknown}
 s - a scroll of magic mapping {unknown}
Potions
 b - a potion of magic
 d - 2 potions of curing {unknown}
 f - a potion of heal wounds {unknown}
 j - a potion of ambrosia {unknown}
 k - 3 potions of haste {unknown}
 l - a potion of mutation {unknown}
 m - a potion of flight {unknown}


   Skills:
 + Level 3.8 Dodging
 + Level 2.4 Stealth
 + Level 3.9 Spellcasting
 + Level 5.7 Conjurations


You had 8 spell levels left.
You knew the following spells:

 Your Spells              Type           Power      Damage    Failure   Level
a - Magic Dart            Conj           100%       1d8       1%          1
b - Searing Ray           Conj           56%        2d6       1%          2

Your spell library contained the following spells:

 Spells                   Type           Power      Damage    Failure   Level
 Dazzling Flash           Conj/Hex       32%        N/A       11%         3
 Ensorcelled Hibernation  Hex/Ice        8%         N/A       19%         2
 Gell's Gravitas          Tloc           4%         N/A       36%         3
 Lesser Beckoning         Tloc           4%         N/A       36%         3
 Spider Form              Tmut/Pois      4%         N/A       36%         3
 Teleport Other           Tloc           4%         N/A       36%         3
 Fulminant Prism          Conj/Hex       8%         3d7       36%         4
 Iskenderun's Mystic Bla  Conj/Tloc      16%        2d5       36%         4
 Anguish                  Hex/Necr       2%         N/A       77%         4


Dungeon Overview and Level Annotations

Branches:
Dungeon (3/15) Zot: 973

Altars:


Innate Abilities, Weirdness & Mutations

You passively map a small area around you.
You are easily found by Zot.
You glow in the dark.
You regain HP and MP as you explore.


Message History

The searing ray hits the orc.
The orc is moderately wounded.
The searing ray hits the orc priest.
The orc priest is almost dead.
The orc wizard gestures wildly while chanting.
The orc wizard flickers and vanishes!
Deactivating autopickup; reactivate with Ctrl-A.
The searing ray misses the orc.
The searing ray misses the orc priest.
The searing ray misses the orc.
You finish channelling your searing ray.
The orc hits you but does no damage.
Unknown command.
Unknown command.
You hit the orc.
You kill the orc!
The orc priest calls down the wrath of Beogh upon you.
Beogh smites you!
* * * LOW HITPOINT WARNING * * *
Unknown command.
Casting: Searing Ray (safe; 1% risk of failure)
Confirm with . or Enter, or press ? or * to list all spells.
Aiming: Searing Ray (safe; 1% risk of failure)
Press: ? - help, Shift-Dir - straight line, f/p - orc priest
Aim: an orc priest, wielding a +0 falchion and wearing a +0 chain mail (almost dead, 85% to hit)
The searing ray hits the orc priest!
You kill the orc priest!
The searing ray hits something. (Press . to maintain the ray.) Without enough magic to sustain it, your searing ray dissipates.
You miss something.
You hear some strange, mumbled words.
A magic dart appears from out of thin air!
The magic dart hits you.
* * * LOW HITPOINT WARNING * * *
You closely miss something. Something hits you but does no damage.
You hit something.
You hear some strange, mumbled words.
A puff of flame appears from out of thin air!
The puff of flame hits you!
You die...

#..###.# ,,
###########..#
#.#,,,,
..........#..#,#.#
* .#######.##..#
#.# .# #.##..# #.#
.# #.##..#.#.#
.#### #.##..#o#.#*
....# #.##..#.#.# ,
###.# #.##..#.#@#
#.# #.##..#.#{# #.#
#.##.)#.#o##.# #.#
#............# #.#
*#####........#
#.#*..........)...#
#.# .#####....$...#
#.#* #........#
#.#* #....^...#


You could see an orc.

Vanquished Creatures
  2 orc priests (D:3)
  Robin (D:2)
  3 adders (D:2)
  2 orcs
  2 endoplasms
  A giant cockroach (D:2)
  3 hobgoblins
  7 jackals (D:2)
  3 kobolds
  4 quokkas (D:2)
  4 ball pythons (D:2)
  6 bats
  3 frilled lizards (D:2)
  9 goblins
  2 rats
52 creatures vanquished.

Notes
Turn   | Place    | Note
-------+----------+-------------------------------------------
     0 | D:1      | Labrat the Meteoran Conjurer began the quest for the Orb.
     0 | D:1      | Reached XP level 1. HP: 14/14 MP: 5/5
   208 | D:2      | Reached skill level 5 in Conjurations
   208 | D:2      | Reached XP level 2. HP: 16/20 MP: 2/7
   211 | D:2      | Learned a level 2 spell: Searing Ray
   232 | D:2      | Reached XP level 3. HP: 26/26 MP: 3/8
   322 | D:2      | Reached XP level 4. HP: 33/33 MP: 6/9
   323 | D:2      | Noticed Robin
   328 | D:2      | Killed Robin
   547 | D:2      | Identified the +3 ring mail of Precision Catastrophes {+Inv
                  | rC++ Stlth-}
   562 | D:2      | Reached XP level 5. HP: 38/38 MP: 8/11
   666 | D:1      | Found a faded altar of an unknown god.
   818 | D:3      | Killed from afar by an orc wizard

Illustrated notes

Levels and vault maps discovered:
D:1:      ebering_hopf_link, layout_basic, hellmonk_ecumenical_altar_crossroads
D:2:      layout_basic, grunt_ministairs_10, uniq_robin
D:3:      layout_basic

Skill      XL: |  1  2  3  4 |
---------------+-------------+-----
Spellcasting   | 3 |  3.9
Conjurations   | 5 |  5.7
Dodging        | 3 |  3.8
Stealth        | 2 |  2.4

Action                   |  1- 3 |  4- 6 || total
-------------------------+-------+-------++-------
Melee: Club              |       |    26 ||    26
       Punch             |       |     1 ||     1
 Cast: Magic Dart        |    16 |    35 ||    51
       Searing Ray       |     3 |     5 ||     8
Armor: Robe              |     4 |    13 ||    17
Dodge: Dodged            |     7 |    18 ||    25
